 Dungeon Crawl Stone Soup version 0.30.0 (webtiles) character file.

Game seed: 4251730087505265810

325088 HillOrc the Slayer (level 21, -11/214 (218) HPs)
             Began as a Hill Orc Fighter on May 15, 2023.
             Was the Champion of Beogh.
             Mangled by a vault warden
             ... wielding a +1 heavy war axe
              (54 damage)
             ... on level 5 of the Vaults.
             The game lasted 02:55:31 (45387 turns).

HillOrc the Slayer (Hill Orc Fighter)              Turns: 45387, Time: 02:55:31

HP:   -11/214 (218) AC: 38    Str: 35    XL:     21   Next: 61%
MP:   21/21         EV:  4    Int:  8    God:    Beogh [******]
Gold: 2508          SH: 35    Dex: 19    Spells: 20/20 levels left

rFire   + . .        X - +16 obsidian axe {drain, demonic, Mesm Drain Fly SInv}
rCold   + + +        c - +18 shield of the Gong {Loud rN+ Will+ rCorr EV-5}
rNeg    + . .        e - +3 plate armour {rC+}
rPois   .            d - +1 helmet of the Endless Expanse {rC+ Dex+4}
rElec   +            b - +0 cloak
rCorr   +            M - +2 pair of gloves
SInv    +            t - +1 pair of boots
Will    ++...        J - amulet of regeneration Stlth
                     a - ring of Satisfaction {rElec rC+ AC+4 Str+3}
HPRegen 1.35/turn    z - ring of Xeaper {rF+ rC+ Str+2 Dex+5}
MPRegen 0.17/turn

%: no passive effects
@: about to teleport, flying, mesmerised, studying 2 skills, lightly drained
A: walk on water
}: 2/15 runes: decaying, serpentine
a: Renounce Religion, Smiting, Recall Orcish Followers, Give Item to Named
Follower, Resurrection


You were on level 5 of the Vaults.
You worshipped Beogh.
Beogh was exalted by your worship.
You visited 7 branches of the dungeon, and saw 37 of its levels.
You also visited: Sewer.

You collected 5130 gold pieces.
You spent 2622 gold pieces at shops.

Inventory:

Hand Weapons
 X - the +16 obsidian axe (weapon) {drain, demonic, Mesm Drain Fly SInv}
   (You found it on level 10 of the Dungeon)

   Mesm:      Its wielder is mesmerised by any visible foes, and it cannot be
   unequipped while any foes are visible.
   SInv:      It lets you see invisible.
   Fly:       It grants you flight.
   Drain:     It drains your maximum health when unequipped.
Armour
 b - a +0 cloak (worn)
 c - the +18 shield of the Gong (worn) {Loud rN+ Will+ rCorr EV-5}
   (You found it on level 2 of the Vaults)

   Loud:      It is deafeningly noisy when blocking attacks.
   EV:        It affects your evasion (-5).
   rN:        It protects you from negative energy.
   rCorr:     It protects you from acid and corrosion.
   Will:      It increases your willpower.
 d - the +1 helmet of the Endless Expanse (worn) {rC+ Dex+4}
   (You found it on level 13 of the Dungeon)

   Dex:       It affects your dexterity (+4).
   rC:        It protects you from cold.
 e - a +3 plate armour of cold resistance (worn)
 t - a +1 pair of boots (worn)
 M - a +2 pair of gloves (worn)
Jewellery
 a - the ring of Satisfaction (left hand) {rElec rC+ AC+4 Str+3}
   (You took it off a deep elf pyromancer on level 3 of the Elven Halls)

   [ring of protection]

   AC:        It affects your AC (+4).
   Str:       It affects your strength (+3).
   rC:        It protects you from cold.
   rElec:     It insulates you from electricity.
 z - the ring of Xeaper (right hand) {rF+ rC+ Str+2 Dex+5}
   (You took it off a deep elf death mage on level 3 of the Elven Halls)

   [ring of protection from fire]

   Str:       It affects your strength (+2).
   Dex:       It affects your dexterity (+5).
   rF:        It protects you from fire.
   rC:        It protects you from cold.
 J - an amulet of regeneration (around neck)
Wands
 i - a wand of light (4)
 A - a wand of digging (8)
 D - a wand of roots (80)
 G - a wand of polymorph (24)
 N - a wand of paralysis (19)
 R - a wand of flame (59)
 Y - a wand of mindburst (42)
Scrolls
 g - 5 scrolls of fear
 h - 2 scrolls of magic mapping
 j - 7 scrolls of vulnerability
 k - 9 scrolls of teleportation
 l - 11 scrolls of immolation
 m - 3 scrolls of silence
 s - 8 scrolls of poison
 x - 7 scrolls of enchant armour
 C - 4 scrolls of amnesia
 E - 2 scrolls of butterflies
 F - 7 scrolls of identify
 K - 3 scrolls of enchant weapon
 O - 5 scrolls of blinking
 S - 11 scrolls of fog
 Z - 3 scrolls of brand weapon
Potions
 f - 6 potions of ambrosia
 n - 4 potions of invisibility
 p - 15 potions of brilliance
 q - 11 potions of curing
 r - 3 potions of heal wounds
 u - 13 potions of mutation
 v - 5 potions of cancellation
 w - 5 potions of attraction
 B - 8 potions of flight
 I - 4 potions of haste
 L - 8 potions of lignification
 T - 2 potions of magic
 V - 3 potions of resistance
 W - a potion of might


   Skills:
 + Level 25.5 Fighting
 - Level 6.1(14.9) Axes
 - Level 17.5(17.8) Maces & Flails
 - Level 3.2(4.6) Polearms
 + Level 21.2 Armour
 + Level 21.0 Shields


You had 20 spell levels left.
You didn't know any spells.
Your spell library contained the following spells:

 Spells                   Type           Power      Damage    Failure   Level
 Foxfire                  Conj/Fire      0%         2x1d4     85%         1
 Magic Dart               Conj           0%         1d3       85%         1
 Shock                    Conj/Air       0%         1d3       85%         1
 Slow                     Hex            0%         N/A       85%         1
 Sting                    Tmut/Pois      0%         1d3       85%         1
 Summon Small Mammal      Summ           0%         N/A       85%         1
 Blink                    Tloc           0%         N/A       94%         2
 Call Imp                 Summ           0%         N/A       94%         2
 Cigotuvi's Dreadful Rot  Necr/Pois/Air  0%         N/A       94%         2
 Ensorcelled Hibernation  Hex/Ice        0%         N/A       94%         2
 Lesser Beckoning         Tloc           0%         N/A       94%         2
 Momentum Strike          Conj/Tloc      0%         3d8       94%         2
 Passwall                 Tmut/Erth      0%         N/A       94%         2
 Poisonous Vapours        Pois/Air       0%         N/A       94%         2
 Scorch                   Fire           0%         2d5       94%         2
 Searing Ray              Conj           0%         2d4       94%         2
 Static Discharge         Conj/Air       0%         2-2/arc   94%         2
 Sublimation of Blood     Necr           0%         N/A       94%         2
 Wereblood                Tmut           0%         N/A       94%         2
 Call Canine Familiar     Summ           0%         N/A       99%         3
 Confusing Touch          Hex            0%         N/A       99%         3
 Gell's Gravitas          Tloc           0%         N/A       99%         3
 Ignite Poison            Fire/Tmut/Pois 0%         N/A       99%         3
 Inner Flame              Hex/Fire       0%         N/A       99%         3
 Mephitic Cloud           Conj/Pois/Air  0%         N/A       99%         3
 Summon Guardian Golem    Hex/Summ       0%         N/A       99%         3
 Swiftness                Air            0%         N/A       99%         3
 Teleport Other           Tloc           0%         N/A       99%         3
 Vampiric Draining        Necr           0%         2d6       99%         3
 Vhi's Electric Charge    Tloc/Air       0%         N/A       99%         3
 Airstrike                Air            0%         2d(0-16)  100%        4
 Animate Dead             Necr           0%         N/A       100%        4
 Flame Wave               Conj/Fire      0%         2d4       100%        4
 Fulminant Prism          Conj/Hex       0%         3d5       100%        4
 Olgreb's Toxic Radiance  Pois           0%         N/A       100%        4
 Summon Lightning Spire   Summ/Air       0%         N/A       100%        4
 Arcjolt                  Conj/Air       0%         1d10      100%        5
 Blade Hands              Tmut           0%         N/A       100%        5
 Borgnjor's Vile Clutch   Necr/Erth      0%         N/A       100%        5
 Fireball                 Conj/Fire      0%         3d3       100%        5
 Freezing Cloud           Conj/Ice/Air   0%         6-21      100%        5
 Irradiate                Conj/Tmut      0%         3d11      100%        5
 Iskenderun's Battlesphe  Conj           0%         2d6       100%        5
 Summon Forest            Summ/Tloc      0%         N/A       100%        5
 Summon Mana Viper        Hex/Summ       0%         N/A       100%        5
 Yara's Violent Unravell  Hex/Tmut       0%         3d3       100%        5
 Conjure Ball Lightning   Conj/Air       0%         3x3d6     100%        6
 Death Channel            Necr           0%         N/A       100%        6
 Eringya's Noxious Bog    Tmut/Pois      0%         N/A       100%        6
 Plasma Beam              Fire/Air       0%         2x1d11    100%        6
 Starburst                Conj/Fire      0%         6d3       100%        6
 Summon Cactus Giant      Summ           0%         N/A       100%        6
 Dragon Form              Tmut           0%         N/A       100%        7
 Enfeeble                 Hex            0%         N/A       100%        7
 Malign Gateway           Summ/Tloc      0%         N/A       100%        7
 Monstrous Menagerie      Summ           0%         N/A       100%        7
 Orb of Destruction       Conj           0%         9d5       100%        7
 Storm Form               Tmut/Air       0%         N/A       100%        7
 Summon Hydra             Summ           0%         N/A       100%        7
 Borgnjor's Revivificati  Necr           0%         N/A       100%        8
 Discord                  Hex            0%         N/A       100%        8
 Disjunction              Tloc           0%         N/A       100%        8
 Ignition                 Fire           0%         3d3       100%        8
 Maxwell's Capacitive Co  Air            0%         ∞         100%        8
 Necromutation            Tmut/Necr      0%         N/A       100%        8
 Death's Door             Necr           0%         N/A       100%        9


Dungeon Overview and Level Annotations

Branches:
Dungeon (14/15)            Temple (0/1) D:6            Lair (5/5) D:8
  Swamp (4/4) Lair:2        Snake (4/4) Lair:2        Slime (0/5) Lair:5
    Orc (2/2) D:9             Elf (3/3) Orc:2        Vaults (5/5) D:14
  Crypt (0/3) Vaults:2      Sewer (visited)

Altars:
Cheibriados
Dithmenos
Gozag
Hepliaklqana
Kikubaaqudgha
Nemelex Xobeh
Qazlal
Sif Muna
Uskayaw
Wu Jian
Yredelemnul
Zin
The Shining One
Beogh
Jiyva

Shops:
D:1 [   D:4 (   D:6 !   Orc:2 !!(*   Elf:1 ?*   Elf:2 :   Snake:2 :=:
Snake:3 *?[((   Vaults:5 !

Annotations:
Snake:3 2 transporters


Message History

Horkud unwields a +1 antimagic glaive.
Horkud wields a +1 arbalest.
Horkud shoots a bolt.
The vault warden blocks the bolt.
As you read the scroll of teleportation, it crumbles to dust.
You feel strangely unstable.
Milork barely misses the vault warden.
The yaktaur shoots a bolt.
SHROANNG!
You block the bolt. You block the vault warden's attack.
GONNNNG!
The vault warden closely misses Milork.
The phantasmal warrior gestures at you.
The phantasmal warrior blinks!
You hear a shout!
The vault warden blocks your attack.
The vault warden is lightly wounded.
Milork barely misses the vault warden.
The yaktaur shoots a bolt.
PTOANNNG!
You block the bolt.
Horkud shoots a bolt.
The bolt hits the vault warden!!
The vault warden hits you with a +1 heavy war axe!!!
* * * LOW HITPOINT WARNING * * *
The vault warden hits Milork with a +1 heavy war axe!!
The ironbound convoker hits Milork with a +0 flail!
The phantasmal warrior gestures at you.
The phantasmal warrior blinks!
You hear a shout!
You hear an angry hiss.
You hear a shout! x4
You feel much better.
Milork hits the ironbound convoker with a +2 great sword of holy wrath!!
Horkud shoots a bolt.
The bolt hits the vault warden!
Warbeogh barely misses the vault warden.
The ironbound convoker points at the phantasmal warrior and mumbles some strange words.
The phantasmal warrior seems to grow stronger.
The vault warden blocks your attack.
The vault warden is severely wounded.
Milork hits the ironbound convoker with a +2 great sword of holy wrath!!
The ironbound convoker dies!
Beogh accepts your kill.
The yaktaur shoots a bolt.
BONNNG!
You block the bolt.
Horkud shoots a bolt.
The vault warden blocks the bolt.
The vault warden hits you with a +1 heavy war axe!!!
You die...

#### ..... .... #
#..##### #.
#..#oo.# #..
#§.#o..# #
..##'##..##'##..##
......W.†o4........
......)o@oo........
.##'##pD##'##..##'
#c.#...#..#
#†)#.∩.# .#
#p)#...# # #..#####
.c.. ..... '##..##


You could see an iron dragon, a vault warden (mesmerising, strong, drained, ally
target), a vault guard, a phantasmal warrior (strong), 2 yaktaurs, the friendly
Horkud the orc warlord (strong), the friendly Milork the orc warlord (strong),
the friendly Warbeogh the orc warlord (strong), the friendly Hawl the orc knight
(strong) and a friendly chaos spawn (summoned).

Vanquished Creatures
  Sojobo (Vaults:2)
  Vashnia (Snake:3)
  Jorgrun (D:14)
  A deep elf blademaster (Elf:3)
  A deep elf master archer (Elf:3)
  Asterion (Elf:1)
  A sphinx (Vaults:3)
  4 tengu reavers
  A shadow dragon (Vaults:5)
  A thorn hunter (Swamp:2)
  A fire giant (Vaults:1)
  2 deep elf sorcerers (Elf:3)
  7 vault wardens
  Aizul (Elf:3)
  2 deep elf elementalists (Elf:3)
  16 ironbound preservers
  2 war gargoyles
  A ghoul (Vaults:2)
  4 ironbound thunderhulks
  2 very ugly things (Vaults:1)
  2 deep elf demonologists (Elf:3)
  7 deep elf annihilators (Elf:3)
  2 dire elephants
  6 deep elf death magi (Elf:3)
  2 ettins (Vaults:5)
  A shambling mangrove (Swamp:4)
  2 fire dragons
  2 great orbs of eyes
  3 yaktaur captains
  2 salamander tyrants (Snake:4)
  4 deep elf high priests
  A hydra (shapeshifter) (Vaults:5)
  A peacekeeper (Vaults:4)
  17 vault guards
  5 hydras
  Erolcha (D:9)
  A boulder beetle (D:11)
  2 centaur warriors
  2 ironbound frosthearts
  A two-headed ogre (D:11)
  Erica (D:8)
  A death knight (D:13)
  4 anacondas
  16 dancing weapons
  An orc high priest (Elf:3)
  A tengu warrior (D:9)
  7 naga sharpshooters
  2 shock serpents (Snake:4)
  2 naga warriors
  12 deep elf knights
  A spriggan (Swamp:4)
  2 salamander mystics
  An iron troll (Vaults:3)
  2 skeletal warriors (D:13)
  A fire crab (shapeshifter) (D:14)
  A glowing orange brain (Vaults:2)
  37 deep trolls
  A swamp dragon (Swamp:4)
  An obsidian statue (Elf:1)
  12 slime creatures
  A naga ritualist (Snake:1)
  9 deep elf archers
  8 wizards
  11 ironbound convokers
  5 lindwurms
  3 bog bodies (Swamp:4)
  3 orc knights
  14 deep elf zephyrmancers
  2 necromancers
  A harpy (D:13)
  An orc sorcerer (Elf:1)
  21 deep elf pyromancers
  2 manticores
  4 salamanders
  4 cyclopes
  18 ugly things
  A moth of wrath (D:13)
  A guardian serpent (Snake:4)
  8 black mambas
  An elephant (Lair:5)
  Joseph (D:8)
  12 vault sentinels
  A naga mage (Snake:1)
  An eye of devastation (shapeshifter) (Vaults:5)
  A torpor snail (Lair:5)
  3 gargoyles (D:11)
  An unseen horror (D:11)
  A yaktaur zombie (Vaults:2)
  12 yaktaurs
  An efreet (D:13)
  2 komodo dragons (shapeshifter)
  A yaktaur (shapeshifter) (D:13)
  An elf skeleton (Vaults:2)
  8 trolls
  A tyrant leech (Swamp:4)
  Prince Ribbit (D:6)
  4 hornets
  2 air elementals
  An elf zombie (Vaults:2)
  3 water elementals
  A shadow (D:13)
  2 wyverns
  14 yaks
  3 wraiths
  3 fire elementals
  A basilisk (Lair:2)
  A steam dragon (D:7)
  2 redbacks (shapeshifter)
  A vampire mosquito (D:11)
  A glowing shapeshifter zombie (Vaults:2)
  An acid dragon (D:13)
  7 nagas
  A water moccasin (Lair:1)
  Duvessa (D:7)
  2 hell hounds (Lair:5)
  6 swamp drakes (Swamp:4)
  9 orc warriors
  2 ice beasts
  A human zombie (Vaults:1)
  A sky beast (D:7)
  2 black bears
  4 ogres
  4 boggarts
  A phantom (D:5)
  10 centaurs
  An orc skeleton (Vaults:1)
  5 bullfrogs
  A kobold brigand (Sewer)
  3 scorpions
  An earth elemental (Elf:1)
  2 gnoll sergeants
  Dowan (D:7)
  4 wights
  A howler monkey (D:6)
  3 lava snakes
  A jelly (D:5)
  A hound (D:5)
  6 orc priests
  Crazy Yiuf (D:2)
  A gnoll bouda (D:7)
  3 sleepcaps
  Terence (D:2)
  3 iguanas
  4 orc wizards
  7 adders
  14 gnolls
  6 river rats (Sewer)
  2 white imps
  3 ufetubi
  A dart slug (D:4)
  16 orcs
  10 ball pythons
  4 endoplasms
  3 giant cockroaches (D:1)
  5 goblins
  8 hobgoblins
  9 jackals
  6 quokkas
  5 bats
  4 frilled lizards
  9 kobolds
  9 rats
  A briar patch (Swamp:2)
643 creatures vanquished.

Vanquished Creatures (collateral kills)
  A dread lich (Vaults:5)
  Bai Suzhen (Swamp:3)
  The ghost of wjchen the Warrior, an adept MiFi of Okawaru (Elf:1)
  3 tentacled monstrosities (Vaults:5)
  The ghost of busb the Executioner, an adept AtSu of Okawaru (Vaults:2)
  A titan (Vaults:5)
  2 quicksilver dragons (Snake:4)
  A deep elf master archer (Elf:3)
  2 deep elf blademasters
  Frances (D:12)
  2 storm dragons (Vaults:5)
  2 tengu reavers
  A sphinx (Vaults:4)
  An orc warlord (Swamp:4)
  Gastronok (Lair:2)
  A thorn hunter (Swamp:4)
  3 shadow dragons (Vaults:5)
  Donald (Elf:2)
  2 nagarajas
  The ghost of Gasan the Lord of Darkness, a journeyman DrFE of Kikubaaqudgha (D:13)
  A shadow dragon (shapeshifter) (Vaults:4)
  2 fenstrider witches
  The ghost of reggie the Thaumaturge, a journeyman DrHW of Sif Muna (Swamp:2)
  The ghost of Qemahefa the Bludgeoner, an adept GrFi of Okawaru (Swamp:2)
  11 vault wardens
  The ghost of arghonaut the Blocker, a journeyman DsGl of Uskayaw (Swamp:2)
  The ghost of Ychix the Thaumaturge, a journeyman GnSk of Makhleb (Swamp:2)
  Louise (Elf:3)
  A deep elf elementalist (Elf:3)
  3 stone giants
  A war gargoyle (Vaults:3)
  10 ironbound preservers
  The ghost of aor the Covert, a journeyman GnEn of Okawaru (Lair:4)
  5 very ugly things
  4 ironbound thunderhulks
  A deep elf annihilator (Vaults:2)
  3 dire elephants (Vaults:2)
  A deep elf demonologist (Elf:3)
  3 eleionomae
  4 bunyips
  3 ettins (Vaults:5)
  6 yaktaur captains
  2 deep elf death magi (Elf:3)
  A fire dragon (shapeshifter) (D:14)
  2 shambling mangroves (Swamp:4)
  3 great orbs of eyes
  13 vault guards
  Fannar (D:10)
  3 deep elf high priests
  A peacekeeper (Vaults:3)
  A hydra (shapeshifter) (Vaults:5)
  3 salamander tyrants
  18 hydras
  2 ghost crabs (Swamp:3)
  8 anacondas
  An ironbound frostheart (Vaults:4)
  3 catoblepae
  9 alligators
  2 ogre magi
  5 two-headed ogres
  4 centaur warriors
  A death knight (Vaults:2)
  A boulder beetle (Orc:1)
  10 naga warriors
  7 death yaks
  A tengu warrior (D:14)
  A deep troll earth mage (Vaults:3)
  15 dancing weapons
  9 naga sharpshooters
  Sonja (Orc:1)
  12 shock serpents
  5 deep elf knights
  An iron troll (Vaults:3)
  8 spriggans
  A salamander mystic (Snake:3)
  A skeletal warrior (D:13)
  2 skysharks
  2 goliath frogs
  A spriggan druid (Swamp:4)
  10 swamp dragons
  29 deep trolls
  7 deep elf archers
  A flayed ghost (Vaults:5)
  3 phantasmal warriors
  7 bog bodies
  2 wizards
  Pikel (D:8)
  3 naga ritualists
  15 ironbound convokers
  13 deep elf pyromancers
  12 lindwurms
  3 orc knights
  17 deep elf zephyrmancers
  6 mana vipers
  A wolf spider (D:13)
  9 ugly things
  2 orc sorcerers
  4 cyclopes
  2 will-o-the-wisps (Swamp:3)
  14 elephants
  11 salamanders
  2 manticores
  A stone giant skeleton (Vaults:2)
  8 guardian serpents
  9 vault sentinels
  3 molten gargoyles
  13 naga magi
  26 black mambas
  Maggie (D:7)
  4 gargoyles
  A torpor snail (Lair:1)
  Psyche (D:8)
  17 cane toads
  A yaktaur zombie (Vaults:1)
  2 rime drakes
  A tengu conjurer (D:14)
  12 komodo dragons
  20 yaktaurs
  A yaktaur skeleton (Vaults:1)
  4 bloated husks
  3 trolls
  A polar bear (Lair:4)
  6 tyrant leeches
  10 hornets
  11 blink frogs
  14 slime creatures
  An air elemental (Elf:1)
  A shadow (D:13)
  3 vampires
  A wraith (D:13)
  2 wyverns
  29 yaks
  A fire elemental (Elf:1)
  An elf simulacrum (Vaults:1)
  2 steam dragons
  3 redbacks (Vaults:5)
  14 swamp worms
  7 basilisks
  21 vampire mosquitoes
  The ghost of Illumine the Vexing, an amateur BaEn (D:4)
  6 wargs
  37 nagas
  7 water moccasins
  2 hell hounds (Lair:5)
  An acid dragon (D:14)
  11 orc warriors
  3 swamp drakes (Swamp:4)
  An ice beast (D:4)
  A black bear (Lair:1)
  6 boggarts
  7 ogres
  17 centaurs
  A lemure (D:8)
  2 kobold brigands (D:10)
  8 bullfrogs
  2 earth elementals
  A gnoll sergeant (D:11)
  4 wights
  An electric eel (Lair:3)
  A howler monkey (D:12)
  9 lava snakes
  2 jellies (Lair:5)
  3 iguanas (Lair:1)
  An orc wizard (Orc:1)
  4 gnolls (D:11)
  18 orcs
  An endoplasm (Lair:5)
  6 kobolds (D:10)
  7 briar patches
  A bush (Lair:3)
  A fungus (Lair:4)
  A plant (Lair:4)
859 creatures vanquished.

Vanquished Creatures (others)
  Urug (Vaults:1)
  6 orc warlords
  2 deep elf elementalists (Elf:3)
  A centaur warrior (D:14)
  14 orc knights
  2 orc high priests
  A deep elf knight (Elf:3)
  A deep troll (Vaults:2)
  A deep elf zephyrmancer (Elf:3)
  2 orc sorcerers
  A water elemental (Elf:1)
  3 orc priests
  A naga (Snake:3)
  10 orc warriors
  6 orc wizards
  43 orcs
  5 briar patches
  4 foxfires (Swamp:3)
  39 fungi
  86 plants
  2 withered plants (Swamp:2)
231 creatures vanquished.

Grand Total: 1733 creatures vanquished

Notes
Turn   | Place    | Note
-------+----------+-------------------------------------------
     0 | D:1      | HillOrc the Hill Orc Fighter began the quest for the Orb.
     0 | D:1      | Reached XP level 1. HP: 19/19 MP: 1/1
   110 | D:1      | Found Pupriupi's Antique Armour Shop.
   246 | D:4      | Reached skill level 4 in Fighting
   246 | D:4      | Reached XP level 2. HP: 18/27 MP: 2/2
   273 | D:4      | Found Ostreihur's Weapon Shop.
   311 | D:4      | Became a worshipper of Beogh the Brigand
   377 | D:4      | Reached XP level 3. HP: 18/33 MP: 3/3
   381 | D:4      | Reached XP level 4. HP: 9/41 MP: 4/4
   461 | D:4      | Found a snail-covered altar of Cheibriados.
   478 | D:4      | Found a glowing drain.
   521 | Sewer    | Entered a sewer
   790 | Sewer    | Reached * piety under Beogh
   887 | Sewer    | Reached XP level 5. HP: 34/47 MP: 5/5
   953 | Sewer    | Noticed a kobold brigand
   963 | Sewer    | Killed a kobold brigand
   964 | Sewer    | Reached skill level 5 in Axes
  1238 | Sewer    | Reached XP level 6. HP: 54/55 MP: 6/6
  1815 | D:2      | Noticed Terence
  1820 | D:2      | Killed Terence
  1821 | D:2      | Reached skill level 5 in Fighting
  2453 | D:2      | Found a runed translucent door.
  2454 | D:2      | Noticed Crazy Yiuf
  2718 | D:1      | Reached ** piety under Beogh
  2799 | D:1      | Reached skill level 5 in Armour
  3527 | D:3      | Reached skill level 1 in Maces & Flails
  4792 | D:4      | Found a runed translucent door.
  4792 | D:4      | Noticed Illumine's ghost (amateur BaEn)
  4837 | D:4      | Noticed an ice beast
  4851 | D:5      | Entered Level 5 of the Dungeon
  4971 | D:1      | Bought a masterwork chain mail for 247 gold pieces
  4971 | D:1      | Identified the +6 chain mail of Untold Secrets {rElec} (You
                  | bought it in a shop on level 1 of the Dungeon)
  5056 | D:2      | Killed Crazy Yiuf
  5125 | D:5      | Noticed an ice beast
  5257 | D:5      | Killed an ice beast
  5258 | D:5      | Reached XP level 7. HP: 61/61 MP: 7/7
  5465 | D:5      | Found a basalt altar of Yredelemnul.
  5468 | D:5      | Found a shadowy altar of Dithmenos.
  5496 | D:5      | Reached *** piety under Beogh
  5518 | D:5      | Found a shimmering blue altar of Sif Muna.
  5550 | D:5      | Reached skill level 5 in Maces & Flails
  5906 | D:5      | Reached XP level 8. HP: 56/69 MP: 8/8
  6089 | D:6      | Found Qenissom's Distillery.
  6098 | D:6      | Bought a potion of curing for 33 gold pieces
  6290 | D:5      | HP: 3/69 [orc priest/divine providence (12)]
  6560 | D:6      | Found a staircase to the Ecumenical Temple.
  6601 | D:6      | Found an opulent altar of Gozag.
  6603 | D:6      | Noticed Prince Ribbit
  6618 | D:6      | Killed Prince Ribbit
  6749 | D:6      | Found a glowing golden altar of the Shining One.
  6987 | D:6      | Reached skill level 6 in Fighting
  7261 | D:7      | Reached XP level 9. HP: 75/75 MP: 9/9
  7539 | D:7      | Found an ornate altar of the Wu Jian Council.
  7682 | D:7      | Noticed Duvessa
  7683 | D:7      | Noticed Dowan
  7693 | D:7      | Killed Duvessa
  7709 | D:7      | Killed Dowan
  7709 | D:7      | Reached **** piety under Beogh
  7877 | D:7      | Noticed Maggie
  7882 | D:7      | Killed Maggie
  7883 | D:7      | Reached skill level 10 in Maces & Flails
  7924 | D:7      | Found a glowing silver altar of Zin.
  8266 | D:8      | Noticed Psyche
  8292 | D:8      | Killed Psyche
  8439 | D:8      | Noticed Pikel
  8439 | D:8      | Found a staircase to the Lair.
  8449 | D:8      | Killed Pikel
  8616 | D:8      | Noticed Joseph
  8634 | D:8      | Killed Joseph
  8635 | D:8      | Reached skill level 7 in Fighting
  8635 | D:8      | Reached XP level 10. HP: 41/86 MP: 10/10
  8804 | D:8      | Noticed Erica
  8817 | D:8      | Killed Erica
  9145 | D:8      | Found a sparkling altar of Nemelex Xobeh.
  9145 | D:8      | Found a hazy altar of Hepliaklqana.
 10324 | D:9      | Noticed a cyclops
 10331 | D:9      | Noticed a wizard
 10331 | D:9      | Noticed a centaur warrior
 10376 | D:9      | Killed a centaur warrior
 10383 | D:9      | Killed a wizard
 10384 | D:9      | Reached skill level 8 in Fighting
 10384 | D:9      | Reached XP level 11. HP: 42/94 MP: 11/11
 10387 | D:9      | Killed a cyclops
 10924 | D:9      | Noticed a tengu warrior
 10934 | D:9      | Killed a tengu warrior
 11033 | D:9      | Found a roughly hewn altar of Beogh.
 11037 | D:9      | Found a staircase to the Orcish Mines.
 11722 | D:9      | Gained Boldo as an ally
 11871 | D:9      | Noticed Erolcha
 11995 | D:9      | Killed Erolcha
 12258 | D:9      | Identified the ring "Nien" {MP+9 Dex+4}
 12462 | D:9      | Noticed a fire dragon
 12469 | D:9      | Killed a fire dragon
 12470 | D:9      | Reached skill level 10 in Armour
 12583 | D:10     | Entered Level 10 of the Dungeon
 12879 | D:10     | Reached skill level 9 in Fighting
 13048 | D:10     | Noticed Fannar
 13059 | D:10     | Killed Fannar
 13480 | D:10     | Found the +16 obsidian axe {drain, demonic, Mesm Drain Fly
                  | SInv}
 13578 | D:10     | Paralysed by a hornet for 1 turns
 13677 | Orc:1    | Entered Level 1 of the Orcish Mines
 13684 | Orc:1    | Noticed a boulder beetle
 13699 | Orc:1    | Killed a boulder beetle
 13754 | Orc:1    | Noticed Sonja
 13766 | Orc:1    | Killed Sonja
 13870 | Orc:2    | Entered Level 2 of the Orcish Mines
 13870 | Orc:2    | Noticed an orc knight
 13870 | Orc:2    | Noticed an orc sorcerer
 13885 | Orc:1    | Killed an orc knight
 13906 | Orc:2    | Noticed a two-headed ogre
 13914 | Orc:2    | Killed a two-headed ogre
 13915 | Orc:2    | Reached XP level 12. HP: 62/106 MP: 12/12
 14164 | Orc:2    | Reached ***** piety under Beogh
 14514 | Orc:2    | Found a staircase to the Elven Halls.
 14625 | Orc:1    | Noticed an orc high priest
 14753 | Orc:2    | Reached skill level 1 in Polearms
 14762 | Orc:2    | Reached skill level 10 in Fighting
 14764 | Orc:2    | Found Ahiphad's Weapon Shop.
 14764 | Orc:2    | Found Ukkanuwna's Distillery.
 14766 | Orc:2    | Found Cicraif's Distillery.
 14767 | Orc:2    | Gained Borgk as an ally
 14768 | Orc:2    | Found Ydwe's Assorted Antiques.
 15209 | Lair:1   | Entered Level 1 of the Lair of Beasts
 15302 | Lair:1   | Reached skill level 15 in Maces & Flails
 15314 | Lair:1   | Gained Bogbarth as an ally
 15471 | Lair:1   | Found a stormy altar of Qazlal.
 15713 | Lair:1   | Identified the +4 rapier of Xom's Regard {heavy, Drain
                  | Will+++ Int-3 Dex+3}
 16051 | Lair:2   | Reached skill level 11 in Fighting
 16102 | Lair:2   | Found a staircase to the Snake Pit.
 16154 | Lair:2   | Noticed Gastronok
 16165 | Lair:2   | Killed Gastronok
 16265 | Lair:2   | Found a staircase to the Swamp.
 17093 | D:4      | Bought the +4 eveningstar of Frustration {freeze, Fly rPois
                  | Dex+2 SInv} for 755 gold pieces
 17154 | D:4      | Killed Illumine's ghost
 17669 | Lair:4   | Noticed an eight-headed hydra
 17669 | Lair:4   | Found a runed translucent door.
 17674 | Lair:4   | Killed an eight-headed hydra
 17694 | Lair:4   | Noticed a skyshark
 17699 | Lair:4   | Killed a skyshark
 17700 | Lair:4   | Reached XP level 13. HP: 117/117 MP: 13/13
 17702 | Lair:4   | Gained Oreg as an ally
 17709 | Lair:4   | Noticed aor's ghost (journeyman GnEn)
 17763 | Lair:4   | Reached skill level 12 in Fighting
 17766 | Lair:4   | Reached ****** piety under Beogh
 18033 | Orc:2    | Bought a potion of curing for 48 gold pieces
 18033 | Orc:2    | Bought a potion of curing for 48 gold pieces
 18033 | Orc:2    | Bought a potion of haste for 160 gold pieces
 18033 | Orc:2    | Bought a potion of curing for 48 gold pieces
 18033 | Orc:2    | Bought a potion of haste for 160 gold pieces
 18407 | Orc:1    | Gained Borgun as an ally
 19011 | Lair:4   | Killed aor's ghost
 19240 | Lair:5   | Entered Level 5 of the Lair of Beasts
 19267 | Lair:5   | Reached skill level 13 in Fighting
 19546 | Lair:5   | Reached skill level 5 in Shields
 19768 | Lair:5   | Reached skill level 15 in Armour
 19799 | Lair:5   | Gained Bolgrim as an ally
 19802 | Lair:5   | Found a viscous altar of Jiyva.
 19803 | Lair:5   | Found a staircase to the Slime Pits.
 20074 | Lair:5   | Gained Garbold as an ally
 20075 | Lair:5   | Reached skill level 14 in Fighting
 20088 | Lair:5   | Found a large runed translucent door.
 20090 | Lair:5   | Found a large runed translucent door.
 20090 | Lair:5   | Noticed a fire dragon
 20178 | Lair:5   | Reached XP level 14. HP: 133/133 MP: 14/14
 20810 | Snake:1  | Entered Level 1 of the Snake Pit
 21491 | Snake:1  | Reached skill level 15 in Fighting
 21675 | Snake:2  | Found Putwuing's Book Shop.
 21675 | Snake:2  | Found Osups's Jewellery Shoppe.
 21676 | Snake:2  | Found Eluyhif's Book Shop.
 22041 | Snake:2  | You are sucked into a shaft and drop 1 floor!
 22168 | Snake:3  | Found Diad's Weapon Shop.
 22170 | Snake:3  | Found Joun Mog's Antique Weapon Boutique.
 22172 | Snake:3  | Found Ugroalul's Antique Armour Shop.
 22258 | Snake:3  | Bought a translucent spear for 200 gold pieces
 22258 | Snake:3  | Identified the +10 spear of Qazlal's Favour {elec, +Blink
                  | Dex+3} (You bought it in a shop on level 3 of the Snake
                  | Pit)
 22658 | Snake:2  | Found an ancient bone altar of Kikubaaqudgha.
 23154 | Snake:3  | Found Raalepn's Overcharged Wands.
 23188 | Snake:3  | Your ally Boldo died
 23189 | Snake:3  | Found a transporter.
 23201 | Snake:3  | Found Xynuqar's Magic Scroll Boutique.
 23207 | Snake:3  | Found a transporter.
 23431 | Snake:3  | Reached XP level 15. HP: 110/143 MP: 15/15
 23468 | Snake:3  | Noticed a nagaraja
 23475 | Snake:3  | Killed a nagaraja
 23573 | Snake:3  | Noticed Vashnia
 23599 | Snake:3  | Killed Vashnia
 23600 | Snake:3  | Reached skill level 16 in Fighting
 23975 | Snake:4  | Entered Level 4 of the Snake Pit
 24000 | Snake:4  | Gained Nordag as an ally
 24223 | Snake:4  | Noticed a nagaraja
 24229 | Snake:4  | Killed a nagaraja
 24233 | Snake:4  | Your ally Oreg died
 24233 | Snake:4  | Your ally Borgk died
 24240 | Snake:4  | Your ally Bogbarth died
 24249 | Snake:4  | Your ally Nordag died
 24548 | Snake:4  | Found a hide-covered altar of Uskayaw.
 24557 | Snake:4  | Gained Spirok as an ally
 25210 | Snake:4  | Noticed a quicksilver dragon
 25210 | Snake:4  | Noticed a quicksilver dragon
 25216 | Snake:4  | Killed a quicksilver dragon
 25217 | Snake:4  | Killed a quicksilver dragon
 25229 | Snake:4  | Got a serpentine rune of Zot
 25485 | Swamp:1  | Entered Level 1 of the Swamp
 25580 | Swamp:1  | Reached skill level 17 in Fighting
 26209 | Swamp:2  | Found a runed translucent gate.
 26210 | Swamp:2  | Found a runed translucent gate.
 26211 | Swamp:2  | Found a runed translucent gate.
 26211 | Swamp:2  | Noticed arghonaut's ghost (journeyman DsGl)
 26222 | Swamp:2  | Noticed reggie's ghost (journeyman DrHW)
 26222 | Swamp:2  | Noticed Ychix's ghost (journeyman GnSk)
 26222 | Swamp:2  | Noticed Qemahefa's ghost (adept GrFi)
 26636 | Swamp:2  | Noticed a thorn hunter
 26650 | Swamp:2  | Killed a thorn hunter
 26651 | Swamp:2  | Reached XP level 16. HP: 93/155 MP: 16/16
 26862 | Swamp:2  | Identified the +1 robe of the Evening Star {Harm}
 26954 | Swamp:2  | Killed arghonaut's ghost
 26955 | Swamp:2  | Killed Ychix's ghost
 26957 | Swamp:2  | Killed reggie's ghost
 26959 | Swamp:2  | Killed Qemahefa's ghost
 27041 | Swamp:2  | Identified the +5 ring mail of Jeongov {rElec rPois Str+5}
 27268 | Swamp:3  | Noticed Bai Suzhen
 27275 | Swamp:3  | Killed Bai Suzhen
 27583 | Swamp:3  | Identified the +3 falchion "Aptedeunoi" {venom, rElec
                  | Int+4}
 27590 | Swamp:3  | Noticed a fenstrider witch
 27592 | Swamp:3  | Killed a fenstrider witch
 27769 | Swamp:4  | Entered Level 4 of the Swamp
 27976 | Swamp:4  | Noticed a fenstrider witch
 27984 | Swamp:4  | Killed a fenstrider witch
 28202 | Swamp:4  | Noticed a thorn hunter
 28210 | Swamp:4  | Killed a thorn hunter
 28229 | Swamp:4  | Your ally Garbold died
 28229 | Swamp:4  | Your ally Borgun died
 28243 | Swamp:4  | Reached skill level 18 in Fighting
 28249 | Swamp:4  | Your ally Bolgrim died
 28254 | Swamp:4  | Your ally Oreg died
 28261 | Swamp:4  | Your ally Spirok died
 28275 | Swamp:4  | Reached skill level 10 in Shields
 28275 | Swamp:4  | Your ally Garbold died
 28426 | Swamp:4  | Got a decaying rune of Zot
 28468 | Swamp:4  | Gained Orbeogh as an ally
 28952 | D:11     | Gained Warrok as an ally
 29982 | D:12     | Your ally Warrok died
 30024 | D:12     | Noticed Frances
 30036 | D:12     | Killed Frances
 30313 | D:12     | Found a runed translucent door.
 30551 | D:12     | Found a roughly hewn altar of Beogh.
 30745 | D:13     | Noticed Urug
 30758 | D:13     | Reached XP level 17. HP: 166/166 MP: 17/17
 31214 | D:13     | Noticed Gasan's ghost (journeyman DrFE)
 31229 | D:13     | Found a transporter.
 31259 | D:13     | Found a transporter.
 31296 | D:13     | Reached skill level 19 in Fighting
 31689 | D:13     | Killed Gasan's ghost
 31704 | D:13     | Identified the +1 helmet of the Endless Expanse {rC+ Dex+4}
 31854 | D:14     | Found a gate to the Vaults.
 31858 | D:14     | Your ally Orbeogh died
 32135 | D:14     | Noticed Jorgrun
 32148 | D:14     | Killed Jorgrun
 32740 | Vaults:1 | Entered Level 1 of the Vaults
 33289 | Vaults:1 | Reached skill level 20 in Fighting
 33293 | Vaults:1 | Your ally Urug died
 33324 | Vaults:1 | HP: 6/170 [lindwurm/blast of flame (21)]
 33334 | Vaults:1 | Gained Morbeogh as an ally
 33542 | Vaults:1 | Got Total Understanding of Wizarding
 33604 | Vaults:1 | Gained Horkud as an ally
 34244 | Vaults:2 | Found a staircase to the Crypt.
 34333 | Vaults:2 | Identified the +7 dagger of Egaixkoc {antimagic, rElec
                  | Dex+3}
 34583 | Vaults:2 | Reached XP level 18. HP: 87/180 MP: 18/18
 34725 | Vaults:2 | Reached skill level 21 in Fighting
 34731 | Vaults:2 | Your ally Morbeogh died
 34755 | Vaults:2 | Your ally Morbeogh died
 34762 | Vaults:2 | Your ally Horkud died
 35068 | Vaults:2 | Found the +18 shield of the Gong {Loud rN+ Will+ rCorr
                  | EV-5}
 35110 | Vaults:2 | Identified the +1 great sword "Boextoor" {freeze, Fly Will+
                  | Str-5 Dex+6}
 35392 | Vaults:2 | Found a runed translucent gate.
 35396 | Vaults:2 | Found a runed translucent gate.
 35398 | Vaults:2 | Found a runed translucent gate.
 35398 | Vaults:2 | Noticed busb's ghost (adept AtSu)
 35398 | Vaults:2 | Found the +5 robe of Night {Dark Will+ SInv}
 35586 | Vaults:2 | Noticed Sojobo
 35596 | Vaults:2 | Killed Sojobo
 35974 | Vaults:2 | Killed busb's ghost
 36645 | Vaults:3 | Reached skill level 22 in Fighting
 36650 | Vaults:3 | Gained Warbeogh as an ally
 36752 | Vaults:3 | Reached skill level 15 in Shields
 36796 | Vaults:3 | Reached XP level 19. HP: 193/193 MP: 19/19
 36970 | Vaults:3 | Identified a scroll of acquirement
 37633 | Vaults:4 | Reached skill level 23 in Fighting
 38147 | Vaults:4 | Gained Milork as an ally
 38778 | Vaults:4 | an iron dragon changed into a caustic shrike
 38778 | Vaults:4 | Noticed a caustic shrike (glowing shapeshifter)
 38783 | Vaults:4 | a caustic shrike changed into a shadow dragon
 39279 | Elf:1    | Entered Level 1 of the Elven Halls
 39296 | Elf:1    | Paralysed by an air elemental for 1 turns
 39302 | Elf:1    | Found Qaruna's Magic Scroll Boutique.
 39371 | Elf:1    | Noticed Asterion
 39377 | Elf:1    | Killed Asterion
 39861 | Elf:1    | Found a runed translucent gate.
 39861 | Elf:1    | Found a runed translucent gate.
 39864 | Elf:1    | Found an opulent altar of Gozag.
 39864 | Elf:1    | Found a runed translucent gate.
 39864 | Elf:1    | Noticed wjchen's ghost (adept MiFi)
 39868 | Elf:1    | Found Godousaf's Assorted Antiques.
 39878 | Elf:1    | Reached XP level 20. HP: 194/202 MP: 20/20
 39881 | Elf:1    | Killed wjchen's ghost
 39963 | Elf:2    | Found a runed translucent gate.
 39963 | Elf:2    | Found a runed translucent gate.
 39963 | Elf:2    | Found a runed translucent gate.
 40167 | Elf:2    | Found Ybbirr's Book Shoppe.
 40513 | Elf:2    | Noticed Donald
 40548 | Elf:2    | Killed Donald
 40558 | Elf:2    | Reached skill level 24 in Fighting
 40858 | Elf:2    | Acquired a manual of Axes
 41164 | Elf:3    | Entered Level 3 of the Elven Halls
 41809 | Elf:3    | Noticed Aizul
 41817 | Elf:3    | Killed Aizul
 41948 | Elf:3    | Paralysed by an air elemental for 1 turns
 42623 | Elf:3    | Identified the ring of Satisfaction {rElec rC+ AC+4 Str+3}
 42648 | Elf:3    | Identified the ring of Xeaper {rF+ rC+ Str+2 Dex+5}
 42648 | Elf:3    | Noticed Louise
 42687 | Elf:3    | Gained Bolgrim as an ally
 42688 | Elf:3    | Your ally Bolgrim died
 42689 | Elf:3    | Identified the +4 hand axe "Roror" {flame, Dex+3}
 42689 | Elf:3    | Your ally Horkud died
 42957 | Elf:3    | Identified the +11 flail "Yteopuy" {spect, Dex+3}
 42957 | Elf:3    | Identified the +1 glaive of Exchange {speed, rPois rC+
                  | rCorr Int+2}
 42964 | Elf:3    | Killed Louise
 43140 | Elf:3    | Got Xytiewoz's Codex of the Luminous Body
 43169 | Elf:3    | Identified the +2 shortbow "Reptikh" {heavy, rN+ Int+2}
 43914 | D:1      | Bought a glowing plate armour for 676 gold pieces
 43914 | D:1      | Bought a shimmering chain mail for 247 gold pieces
 43914 | D:1      | Identified the +6 chain mail "Rulon" {Regen+ Dex+4 Slay-6}
                  | (You bought it in a shop on level 1 of the Dungeon)
 45015 | Vaults:5 | Entered Level 5 of the Vaults
 45023 | Vaults:5 | Reached XP level 21. HP: 158/215 MP: 21/21
 45184 | Vaults:5 | Reached skill level 25 in Fighting
 45191 | Vaults:5 | Gained Hawl as an ally
 45269 | Vaults:5 | Noticed a dread lich
 45272 | Vaults:5 | Identified the amulet "Iqonn" {Reflect rCorr Str+3 Int+3
                  | SH+5}
 45277 | Vaults:5 | Killed a dread lich
 45318 | Vaults:5 | Identified the amulet of Cenix {Acrobat Int+2}
 45322 | Vaults:5 | Identified the ring "Muxybrucka" {rC+ Int+3 SInv}
 45323 | Vaults:5 | Identified the +4 sling of the Seven Allies {elec, rPois
                  | Str+6 Int-4 Stlth+}
 45323 | Vaults:5 | Identified the +1 leather armour of Impatience {rCorr
                  | Slay+4}
 45347 | Vaults:5 | Found Qateipho's Distillery.
 45387 | Vaults:5 | Mangled by a vault warden

Illustrated notes

Levels and vault maps discovered:
D:1:      lemuel_arrival_funnel, layout_basic, serial_shops,
          nicolae_shop_behind_doors, amcnicky_mini_pool_small,
          minmay_misc_feat_more_columns
D:2:      layout_loops_cross, cheibrodos_gnoll_hut, uniq_crazy_yiuf_cottage,
          uniq_terence
D:3:      layout_loops_ring, minmay_crystal_water
D:4:      layout_loops_corners, kennysheep_slug_shrine, serial_shops,
          nicolae_lakefront_shop, cheibrodos_sewer_entry_sluice,
          ebering_ghost_inner_flame
D:5:      layout_cave_pools, mainiacjoe_overflow_six_doors_small,
          mainiacjoe_overflow_catwalk_spiral
D:6:      layout_gridville, nicolae_gozag_seed_capital,
          mainiacjoe_overflow_catwalk, temple_pool_b, serial_shops,
          nicolae_shop_tiny_statue_garden, kennysheep_dice, uniq_prince_ribbit1
D:7:      layout_loops_ring, mainiacjoe_overflow_concentric_impassable,
          mainiacjoe_overflow_small_starburst, uniq_maggie, uniq_duvessa
D:8:      layout_basic, mainiacjoe_overflow_divided_tiny, dpeg_oklobed_lair,
          minivault_1, uniq_joseph, uniq_psyche, uniq_pikel, uniq_erica
D:9:      layout_basic, david_orc_5, corner_web_ring, minmay_evil_grid,
          uniq_erolcha
D:10:     layout_irregular_city, evilmike_butchery, uniq_fannar
D:11:     cheibrodos_statue_roulette, layout_basic, interstate_on_off,
          minmay_fractal_squares_diagonal_5
D:12:     layout_roguey, nicolae_kite_square_tiling_tiny,
          lightli_church_of_beogh, uniq_frances
D:13:     layout_basic, gammafunk_ghost_berserking_beasts, uniq_urug
D:14:     layout_roguey, lightli_vaults_fourway_checkpoint, minmay_holes,
          kennysheep_generic_room_15, uniq_jorgrun
Lair:1:   layout_small_grid, basic_altar, beast_lair_carwin_8,
          lemuel_fruit_tree, grunt_megastairs_2
Lair:2:   layout_cave_shapes, minmay_swamp_entry_swarm,
          minmay_snake_entry_guardpost_medium, uniq_gastronok
Lair:3:   layout_loops_ring, serial_bayou_shore_a, infiniplex_staircase_pool,
          serial_bayou_shore_b
Lair:4:   cheibrodos_lair_river_kwai, layout_gridlike,
          hellmonk_ghost_happy_afterlife, minivault_25,
          chequers_serial_rivers_room_a, st_stairs_3
Lair:5:   cheibrodos_lair_end_hotspot, layout_loops_ring,
          nicolae_slime_entry_slimehenge
Swamp:1:  layout_falls_marsh, nicolae_swamp_ascending_descending
Swamp:2:  layout_basic_swamp, gammafunk_ghost_cemetery,
          nicolae_swamp_small_spring
Swamp:3:  layout_basic_swamp, evilmike_swamp_ruin_rubble_1, swamp_pool1,
          uniq_bai_suzhen
Swamp:4:  swamp_basic_johnstein, layout_basic_swamp, infiniplex_staircase_pool_2
Snake:1:  layout_grid_shapes, st_stairs_4, nicolae_snake_gridmaze_zigzag,
          guppyfry_library_mini
Snake:2:  layout_chambers, basic_altar, nicolae_triple_integral,
          minmay_shop_grove
Snake:3:  layout_cave_town, serial_shops, nicolae_shop_drivethru,
          nicolae_shop_overcharged_wands, grunt_megastairs_5, minmay_shop_star,
          serial_bayou_shore_b, uniq_vashnia
Snake:4:  hellmonk_snake_rune_quicksilver_temple, layout_basic, special_room,
          basic_altar
Orc:1:    layout_diamond_mine, rock_pile, uniq_sonja
Orc:2:    st_orc_rangers, layout_diamond_mine
Elf:1:    minmay_elf_arrival_plus, layout_rooms, ebering_ghost_gozag,
          serial_shops, nicolae_shop_tiny_real_fake_doors,
          kennysheep_underground_church, uniq_asterion
Elf:2:    elven_hall_of_blades_hangedman_original
          [nicolae_blade_entry_area_security], layout_gridlike, serial_shops,
          shop, uniq_donald
Elf:3:    grunt_elf_hall_asides, layout_geoelf_octagon, grunt_megastairs_1,
          uniq_louise, uniq_aizul
Vaults:1: v_misc_22, nicolae_vaults_antechamber_and_loot_room,
          ontoclasm_vaults_fault, vaults_mumra_chevron,
          nicolae_vaults_rhombus_6, vaults_mumra_minichess_inversion, v_rooms_2,
          vaults_room_pool, nicolae_vaults_puzzle_piece,
          nicolae_vaults_diagonal_hallway_6, nicolae_vaults_theta,
          nicolae_vaults_closet_pinwheel_1, nicolae_vaults_shrinking_rooms_1,
          nicolae_vaults_network_quinsquares
          [nicolae_vaults_network_quincunx_subvault,
          nicolae_vaults_network_quincunx_subvault,
          nicolae_vaults_network_quincunx_subvault,
          nicolae_vaults_network_quincunx_subvault], layout_vaults_omnibox
Vaults:2: ebering_ghost_rock_garden, v_pattern_3,
          minmay_crypt_entry_simple_sparse, nicolae_vaults_lightning_bolt,
          hangedman_vaults_cutoff, hangedman_vaults_river_flow,
          nicolae_vaults_storage_room_doors, v_misc_10, hangedman_vaults_stream,
          nicolae_vaults_offset_grid_hallway_3,
          hangedman_vaults_stretched_pinwheel, v_rooms_6,
          hellmonk_guarded_unrand_gong, vaults_dpeg_encased_lava,
          vaults_dpeg_cross, nicolae_vaults_apartment_1,
          nicolae_vaults_storage_room_statues, layout_vaults_maze, uniq_sojobo
Vaults:3: nicolae_vaults_trapezoid_layered, nicolae_vaults_trapezoid_3,
          vaults_standard_mumra_enter_the_diamond,
          nicolae_vaults_variable_pillar_hall, nicolae_vaults_tetromino_Z_1,
          nicolae_vaults_diagonal_hallway_8, nicolae_vaults_border_crossing,
          dpeg_vaults_monster_box, vaults_standard_mumra_enter_the_diamond,
          nicolae_vaults_little_squares_5, layout_vaults_quadrants
Vaults:4: nicolae_vaults_layer_cake_slice, hangedman_vaults_hat,
          nicolae_vaults_trapezoid_lopsided_1, ontoclasm_vaults_twist,
          nicolae_vaults_stairing_the_circle, ontoclasm_vaults_misaligned,
          v_misc_14, nicolae_vaults_cornered_office, v_alt_pattern_4,
          nicolae_vaults_three_branches, v_misc_28, vaults_dpeg_ring,
          nicolae_vaults_tetromino_Z_2, vaults_room_fours,
          ontoclasm_vaults_ligature, layout_vaults_ring
Vaults:5

Skill      XL: |  1  2  3  4  5  6  7  8  9 10 11 12 13 14 15 16 17 18 19 20 21 |
---------------+----------------------------------------------------------------+-----
Fighting       | 4 5 6 7 8 9 11 14 15 17 18 20 22 23 24 25 | 25.5
Axes           | 3 4 5 6 |  6.1
Armour         | 4 5 6 7 9 11 13 15 16 17 18 19 20 21 | 21.2
Maces & Flails | 3 5 8 11 13 14 15 16 17 | 17.5
Polearms       | 3 |  3.2
Shields        | 5 6 8 10 12 15 17 19 21 | 21.0

Action                     |  1- 3 |  4- 6 |  7- 9 | 10-12 | 13-15 | 16-18 | 19-21 || total
---------------------------+-------+-------+-------+-------+-------+-------+-------++-------
  Melee: War axe           |    29 |   159 |       |       |       |       |       ||   188
         Flail             |       |   133 |   270 |   367 |       |       |       ||   770
         Lance             |       |       |       |    37 |    13 |       |       ||    50
         Eveningstar       |       |       |       |     2 |   283 |   674 |       ||   959
         Broad axe         |       |       |       |       |       |   129 |   571 ||   700
 Invoke: Convert to Beogh  |     1 |       |       |       |       |       |       ||     1
         Recall Orcish Fol |       |       |     2 |    15 |    27 |    31 |    21 ||    96
         Stop Recall       |       |       |       |     1 |       |       |       ||     1
         Give Item to Name |       |       |       |       |     2 |     1 |     3 ||     6
         Resurrection      |       |       |       |       |     2 |     4 |     1 ||     7
  Evoke: Wand              |       |       |     7 |    10 |       |     2 |       ||    19
    Use: Potion            |     1 |       |     3 |     1 |     1 |     5 |    14 ||    25
         Scroll            |       |       |       |     1 |    15 |     5 |    19 ||    40
   Stab: Distracted        |       |       |       |       |     4 |    12 |    15 ||    31
         Petrified         |       |       |       |       |       |     2 |       ||     2
 Armour: Scale mail        |    39 |   173 |       |       |       |       |       ||   212
         Chain mail        |       |    21 |   180 |   280 |   272 |   532 |   131 ||  1416
         Plate armour      |       |       |       |       |       |       |    88 ||    88
  Dodge: Dodged            |    45 |   153 |    90 |   228 |   237 |   553 |    80 ||  1386
  Block: Buckler           |    19 |    61 |    59 |   108 |    95 |   266 |       ||   608
         Kite shield       |       |       |       |       |       |   244 |   812 ||  1056
